 Dungeon Crawl Stone Soup version 0.25-a0-2-g6559c6c67a (webtiles) character file.

Game seed: 834819718991823083, levelgen mode: deterministic

35 Arixos the Charmwright (level 3, -3/18 HPs)
             Began as a Vine Stalker Skald on Oct 14, 2019.
             Slain by a hound (5 damage)
             ... on level 2 of the Dungeon.
             The game lasted 00:02:40 (644 turns).

Arixos the Charmwright (Vine Stalker Skald)          Turns: 644, Time: 00:02:41

Health: -3/18      AC:  3    Str: 13    XL:     3   Next: 33%
Magic:  0/7        EV: 12    Int: 13    God:
Gold:   87         SH:  0    Dex: 14    Spells: 1/7 levels left

rFire    . . .     SeeInvis .   a - +0 falchion
rCold    . . .     Gourm    .   (no shield)
rNeg     . . .     Faith    .   b - +0 leather armour
rPois    .         Spirit   +   (no helmet)
rElec    .         Reflect  .   (no cloak)
rCorr    .         Harm     .   (no gloves)
MR       .....                  (no boots)
Stlth    +.........             (no amulet)
HPRegen  0.06/turn              (no ring)
MPRegen  0.10/turn              (no ring)

@: very slightly contaminated
A: fangs 2, magic shield, antimagic bite, no potion heal 3, rot immunity
a: no special abilities


You were on level 2 of the Dungeon.
You were not hungry.

You visited 1 branch of the dungeon, and saw 2 of its levels.

You collected 87 gold pieces.

Inventory:

Hand Weapons
 a - a +0 falchion (weapon)
Armour
 b - a +0 leather armour (worn)
Scrolls
 g - a scroll of enchant armour {unknown}
 i - a scroll of teleportation {unknown}
Potions
 c - a potion of lignification
 e - a potion of degeneration {unknown}
 h - a potion of brilliance {unknown}
Comestibles
 d - a ration
 f - 4 chunks of flesh


   Skills:
 + Level 2.1 Fighting
 + Level 2.1 Long Blades
 - Level 0.7 Armour
 + Level 1.9 Dodging
 + Level 2.5 Spellcasting
 + Level 3.2 Charms
 + Level 0.0 Necromancy
 + Level 0.4 Translocations


You had one spell level left.
You knew the following spells:

 Your Spells              Type           Power        Failure   Level  Hunger
a - Infusion              Chrm           ##..         9%          1    #......
r - Regeneration          Chrm/Necr      #.........   43%         3    ###....
s - Shroud of Golubria    Chrm/Tloc      #.....       22%         2    ###....

Your spell library contained the following spells:

 Spells                   Type           Power        Failure   Level  Hunger
 Song of Slaying          Chrm           ##......     12%         2    ###....
 Spectral Weapon          Hex/Chrm       #.......     43%         3    ###....


Dungeon Overview and Level Annotations

Branches:
Dungeon (2/15)

Altars:


Innate Abilities, Weirdness & Mutations

You have extremely sharp teeth.
When hurt, damage is shared between your health and your magic reserves.
Your bite disrupts and absorbs the magic of your enemies.
Potions cannot restore your health.
You are immune to rotting.


Message History

The hound is lightly wounded.
You hit the hound. Your bite misses the hound.
The hound is heavily wounded.
The hound bites you.
You closely miss the hound. Your bite misses the hound.
The hound is heavily wounded.
The hound barely misses you. The hound bites you.
* * * LOW HITPOINT WARNING * * *
The hound bites you.
* * * LOW HITPOINT WARNING * * *
The hound closely misses you. The hound bites you but does no damage.
There is a stone staircase leading up here.
Casting: Shroud of Golubria (safe; 22% risk of failure)
Confirm with . or Enter, or press ? or * to list all spells.
You miscast Shroud of Golubria.
Your skin tingles.
The hound barely misses you.
You hit the hound. You bite the hound, but do no damage.
The hound is heavily wounded.
The hound bites you.
You die...

## #. + #.####
.... #.#..#
.....###[#..###
#......#.#....#
#........#@.#.#
#......#..h##
.. +........#.#
## #....[#.##.#
#.........รท#
#....##.#..#
##+# #.#..#
#.#### ...


You could see a hound.

Vanquished Creatures
  A worker ant (D:2)
  A giant cockroach (D:1)
  2 hobgoblins
  3 jackals (D:1)
  2 frilled lizards (D:1)
  A kobold (D:1)
  2 rats (D:1)
12 creatures vanquished.

Notes
Turn   | Place    | Note
-------+----------+-------------------------------------------
     0 | D:1      | Arixos the Vine Stalker Skald began the quest for the Orb.
     0 | D:1      | Reached XP level 1. HP: 11/11 MP: 4/4
   371 | D:1      | Reached XP level 2. HP: 15/15 MP: 6/6
   393 | D:1      | Learned a level 2 spell: Shroud of Golubria
   611 | D:2      | Reached XP level 3. HP: 16/18 MP: 5/7
   616 | D:2      | Learned a level 3 spell: Regeneration
   644 | D:2      | Slain by a hound

Levels and vault maps discovered:
D:1:      dpeg_arrival_leaves_temple_mockup, layout_basic
D:2:      cheibrodos_old_hovel, layout_basic

Skill      XL: |  1  2 |
---------------+-------+-----
Long Blades    | 2 |  2.1
Fighting       | 2 |  2.1
Armour         | |  0.7
Dodging        | |  1.9
Spellcasting   | |  2.5
Charms         | |  3.2
Translocations | |  0.4

Action                   || total
-------------------------++-------
Melee: Falchion          ||    35
       Bite              ||     9
 Cast: Shroud of Golubri ||     1
  Use: Scroll            ||     2
Armor: Leather armour    ||     8
Dodge: Dodged            ||    25
       Rpst.: Falchion   ||     7

Table legend:
 A = Non-vault XP
 B = Vault XP
 C = Vault XP percentage of total XP
 D = Non-vault monster count
 E = Vault monster count
 F = Vault count percentage of total count
                 A         B        C        D         E       F
            +---------+---------+-------+---------+---------+-------
      Total |      50 |       0 |   0.0 |      12 |       0 |   0.0
            +---------+---------+-------+---------+---------+-------
        D:1 |      15 |       0 |   0.0 |      10 |       0 |   0.0
        D:2 |      35 |       0 |   0.0 |       2 |       0 |   0.0
            +---------+---------+-------+---------+---------+-------
